 Dungeon Crawl Stone Soup version 0.30-a0-305-g026cb31310 (webtiles) character file.

Game seed: 17455774760915340848

1735 Lanoc the Conjurer (level 9, 0/53 (54) HPs)
             Began as a Tengu Reaver on Oct 22, 2022.
             Was a Priest of Dithmenos.
             Slain by a wight
             ... wielding a +2 hand axe
              (10 damage)
             ... on level 7 of the Dungeon.
             The game lasted 00:12:09 (5763 turns).

Lanoc the Conjurer (Tengu Reaver)                   Turns: 5763, Time: 00:12:10

HP:   0/53 (54)     AC:  3    Str: 15    XL:     9   Next: 5%
MP:   11/13         EV: 17    Int: 15    God:    Dithmenos [***...]
Gold: 234           SH:  0    Dex: 15    Spells: 9/12 levels left

rFire   . . .      SeeInvis .    p - +8 dagger of Doubt {freeze, +Blink rC+}
rCold   + . .      Faith    .    (no shield)
rNeg    . . .      Spirit   .    i - +1 robe of the Fiddle {+Blink Dex+2 Stlth+}
rPois   .          Reflect  .    (helmet restricted)
rElec   .          Harm     .    (no cloak)
rCorr   .          Rampage  .    (no gloves)
Will    .....                    (boots unavailable)
Stlth   +++++.....               (no amulet)
HPRegen 0.28/turn                (no ring)
MPRegen 0.13/turn                (no ring)

@: immotile, flying quickly and evasively, wreathed by umbra, studying Shields,
lightly drained, quick
A: beak, talons 3, nimble flight
a: Renounce Religion, Evoke Blink, Shadow Step


You were on level 7 of the Dungeon.
You worshipped Dithmenos.
Dithmenos was most pleased with you.
You visited 1 branch of the dungeon, and saw 7 of its levels.
You also visited: Sewer.

You collected 234 gold pieces.

Inventory:

Hand Weapons
 p - the +8 dagger of Doubt (weapon) {freeze, +Blink rC+}
   (You found it on level 3 of the Dungeon)

   It freezes those it strikes, dealing additional cold damage.
   It can also slow down cold-blooded creatures.
   rC:        It protects you from cold.
   +Blink:    It lets you blink.
Missiles
 x - 3 throwing nets
Armour
 i - the +1 robe of the Fiddle (worn) {+Blink Dex+2 Stlth+}
   (You found it on level 2 of the Dungeon)

   Dex:       It affects your dexterity (+2).
   +Blink:    It lets you blink.
   Stlth:     It makes you more stealthy.
 C - an orb of guile
Magical Staves
 D - a staff of conjuration
Wands
 o - a wand of digging (8)
 v - a wand of polymorph (5)
 y - a wand of acid (9)
 A - a wand of paralysis (7)
Scrolls
 d - 3 scrolls of magic mapping
 e - 8 scrolls of identify {unknown}
 g - 4 scrolls of teleportation {unknown}
 h - 2 scrolls of brand weapon {unknown}
 k - a scroll of fear {unknown}
 l - a scroll of amnesia {unknown}
 m - a scroll of vulnerability {unknown}
 n - 2 scrolls of summoning {unknown}
 r - a scroll of enchant weapon {unknown}
 s - a scroll of poison {unknown}
 u - a scroll of acquirement {unknown}
 w - a scroll of fog {unknown}
 z - a scroll of enchant armour {unknown}
 E - a scroll of noise {unknown}
 G - 3 scrolls of blinking {unknown}
Potions
 a - a potion of invisibility {unknown}
 b - a potion of curing
 c - 3 potions of heal wounds {unknown}
 f - 5 potions of brilliance {unknown}
 j - 2 potions of degeneration {unknown}
 q - 3 potions of magic {unknown}
 t - a potion of mutation {unknown}
 B - a potion of berserk rage {unknown}
 F - a potion of resistance


   Skills:
 + Level 5.2 Fighting
 - Level 6.0 Short Blades
 - Level 4.7 Axes
 + Level 5.7 Dodging
 + Level 4.2 Stealth
 - Level 2.0 Spellcasting
 + Level 7.1 Conjurations


You had 9 spell levels left.
You knew the following spells:

 Your Spells              Type           Power      Damage    Failure   Level
a - Kiss of Death         Conj/Necr      48%        2d9       4%          1
b - Momentum Strike       Conj/Tloc      24%        3d8       8%          2

Your spell library contained the following spells:

 Spells                   Type           Power      Damage    Failure   Level
 Hailstorm                Conj/Ice       12%        3d5       16%         3
 Portal Projectile        Hex/Tloc       2%         N/A       54%         3
 Tukima's Dance           Hex            1%         N/A       54%         3
 Blade Hands              Tmut           0%         N/A       99%         5


Dungeon Overview and Level Annotations

Branches:
Dungeon (7/15)              Sewer (visited)
 Temple: D:4-7

Altars:
Dithmenos
Fedhas
Okawaru
Trog

Shops:
D:7 (


Innate Abilities, Weirdness & Mutations

You have a beak for a mouth.
You have claws for feet.
Your magical nature lets you fly swiftly and evasively.


Message History

* * * LOW HITPOINT WARNING * * *
You feel drained.
You hit the wight but do no damage. You claw the wight, but do no damage.
You peck the wight, but do no damage.
The wight is almost destroyed.
You hit the wight but do no damage. Your kick misses the wight.
The wight is almost destroyed.
The wight misses you.
You barely miss the wight.
The wight is almost destroyed.
The wight completely misses you.
You barely miss the wight.
The wight is severely damaged.
You hit the wight but do no damage. You claw the wight, but do no damage.
The wight is severely damaged.
The wight closely misses you.
You barely miss the wight. Your kick misses the wight. You peck the wight.
The wight is almost destroyed.
The wight misses you.
You hit the wight.
You destroy the wight!
Dithmenos accepts your kill.
Casting: Momentum Strike (safe; 8% risk of failure)
Confirm with . or Enter, or press ? or * to list all spells.
Aiming: Momentum Strike (safe; 8% risk of failure)
Press: ? - help, Dir - move target, f - wight
Aim: a wight, wielding a +2 hand axe and wearing a +0 robe (umbra, 71% to hit)
The concentrated momentum hits the wight.
You are unable to move.
You hit the wight. You claw the wight.
The wight is heavily damaged.
A wight comes into view. It is wielding a +0 short sword.
The wight completely misses you.
You hit the wight but do no damage. Your kick misses the wight.
The wight is heavily damaged.
The wight misses you.
You barely miss the wight.
The wight is heavily damaged.
The wight hits you with a +2 hand axe!
You die...

#...........# #.#.#
#...........#####.#.#
##'######.........#.#
... #...)...#<#.# ###
#######.#.#.# ..#
#.#.#.# #z# #...#.#
#z# #.###.#
.#####@#########.#
#.................#
#######.###########
...# #####


You could see 2 wights.

Vanquished Creatures
  Prince Ribbit (D:6)
  Sigmund (D:2)
  A yak (D:5)
  A water moccasin (D:6)
  2 ice beasts
  2 sky beasts (D:7)
  An ogre (D:4)
  2 kobold brigands (Sewer)
  2 scorpions
  6 wights
  2 jellies
  A gnoll bouda (D:5)
  A hound (D:5)
  Ijyb (D:3)
  2 iguanas
  8 gnolls
  9 adders
  2 shadow imps
  2 white imps
  A worm (D:3)
  3 dart slugs
  5 orcs
  6 ball pythons
  13 bats
  4 endoplasms
  5 giant cockroaches
  8 goblins
  11 hobgoblins
  6 jackals (D:4)
  19 kobolds
  3 frilled lizards
  2 rats (D:3)
133 creatures vanquished.

Vanquished Creatures (others)
  An ogre (D:6)
  A necrophage (D:5)
  A scorpion (D:5)
  2 jellies (D:4)
  An iguana (D:5)
  A gnoll (D:5)
  2 adders
  A white imp (D:6)
  An orc (D:5)
  2 hobgoblins (D:2)
  A quokka (D:2)
  3 bats (D:2)
17 creatures vanquished.

Grand Total: 150 creatures vanquished

Notes
Turn   | Place    | Note
-------+----------+-------------------------------------------
     0 | D:1      | Lanoc the Tengu Reaver began the quest for the Orb.
     0 | D:1      | Reached XP level 1. HP: 12/12 MP: 4/4
   361 | D:1      | Reached XP level 2. HP: 17/17 MP: 6/6
   734 | D:1      | Reached XP level 3. HP: 21/21 MP: 7/7
   831 | D:1      | Found a faded altar of an unknown god.
   983 | D:1      | Prayed at the altar of an unknown god.
   983 | D:1      | Became a worshipper of Dithmenos the Shadowed
   983 | D:1      | Reached * piety under Dithmenos
  1222 | D:2      | Identified the +1 robe of the Fiddle {+Blink Dex+2 Stlth+}
  1265 | D:2      | Learned a level 2 spell: Momentum Strike
  1491 | D:2      | Found an iron altar of Okawaru.
  1838 | D:2      | Noticed Sigmund
  1848 | D:2      | Killed Sigmund
  1849 | D:2      | Reached XP level 4. HP: 13/27 MP: 5/8
  1849 | D:2      | Gained mutation: Your magical nature lets you fly swiftly
                  | and evasively. [Tengu growth]
  1849 | D:2      | Reached XP level 5. HP: 15/32 MP: 5/9
  2313 | D:3      | Found a glowing drain.
  2324 | D:3      | Identified the +8 dagger of Doubt {freeze, +Blink rC+}
  2374 | Sewer    | Entered a sewer
  2464 | Sewer    | Reached skill level 5 in Conjurations
  2471 | Sewer    | Noticed a kobold brigand
  2477 | Sewer    | Killed a kobold brigand
  2478 | Sewer    | Reached skill level 1 in Short Blades
  2594 | Sewer    | Reached ** piety under Dithmenos
  2613 | Sewer    | Noticed a kobold brigand
  2626 | Sewer    | Killed a kobold brigand
  2627 | Sewer    | Reached XP level 6. HP: 23/37 MP: 7/10
  2954 | D:3      | Noticed Ijyb
  2962 | D:3      | Killed Ijyb
  3055 | D:3      | Found a bloodstained altar of Trog.
  3319 | D:4      | Reached skill level 1 in Stealth
  3651 | D:4      | Reached XP level 7. HP: 42/42 MP: 8/11
  4028 | D:5      | Entered Level 5 of the Dungeon
  4073 | D:5      | Noticed a yak
  4083 | D:5      | Killed a yak
  4987 | D:6      | Reached XP level 8. HP: 48/48 MP: 9/12
  5030 | D:6      | Noticed Prince Ribbit
  5032 | D:6      | Reached *** piety under Dithmenos
  5040 | D:6      | Killed Prince Ribbit
  5041 | D:6      | Reached skill level 5 in Short Blades
  5041 | D:6      | Reached skill level 6 in Conjurations
  5118 | D:6      | Found a blossoming altar of Fedhas.
  5246 | D:6      | Reached skill level 5 in Dodging
  5556 | D:7      | Found Jolol's Antique Weapon Boutique.
  5591 | D:7      | Reached skill level 5 in Fighting
  5591 | D:7      | Identified the +0 mace "Mocrej" {speed, rElec Str+4 Dex+3}
  5703 | D:7      | Reached skill level 7 in Conjurations
  5713 | D:7      | Identified the +6 dagger of the Scorned {drain, *Rage rPois
                  | rC+ Dex+4}
  5749 | D:7      | Reached XP level 9. HP: 28/54 MP: 13/13
  5763 | D:7      | Slain by a wight

Illustrated notes

Levels and vault maps discovered:
D:1:      dpeg_arrival_chambers_temple_mockup, layout_loops_corners,
          dilly_ecumenical_altar_fadedgnrine
D:2:      layout_basic, basic_altar, minmay_door_square, uniq_sigmund
D:3:      layout_rooms, trog_hazing_becter, cheibrodos_sewer_entry_sluice,
          hangedman_decor_lopped, uniq_ijyb
D:4:      layout_basic
D:5:      layout_loops_ring, minmay_misc_feat_x, minmay_manual_monolith
D:6:      layout_basic, mainiacjoe_overflow_24_doors,
          minmay_temple_entry_sparse_star, uniq_prince_ribbit1
D:7:      corexii_shantytown, layout_basic, gammafunk_ghost_arena, serial_shops,
          nicolae_diamond_shop

Skill      XL: |  1  2  3  4  5  6  7  8 |
---------------+-------------------------+-----
Axes           | 4 |  4.7
Dodging        | 3 4 5 |  5.7
Fighting       | 3 4 5 |  5.2
Conjurations   | 5 7 |  7.1
Short Blades   | 2 3 4 6 |  6.0
Stealth        | 1 2 4 |  4.2
Spellcasting   | |  2.0

Action                   |  1- 3 |  4- 6 |  7- 9 || total
-------------------------+-------+-------+-------++-------
Melee: Hand axe          |    54 |     6 |       ||    60
       Kick              |    14 |    22 |    41 ||    77
       Peck              |     7 |     9 |    20 ||    36
       Dagger            |       |    93 |   146 ||   239
       Staff             |       |    18 |       ||    18
       Punch             |       |     1 |     2 ||     3
 Cast: Momentum Strike   |     9 |    10 |    17 ||    36
  Use: Potion            |       |     2 |       ||     2
       Scroll            |       |     1 |       ||     1
 Stab: Sleeping          |       |    15 |     5 ||    20
       Distracted        |       |       |     1 ||     1
Armor: Leather armour    |    10 |       |       ||    10
       Robe              |     2 |    17 |     6 ||    25
Dodge: Dodged            |    35 |   122 |    99 ||   256

Table legend: (Time is in decaauts)
 A = Elapsed time spent in this place.
 B = Non-inter-level travel time spent in this place.
 C = Inter-level travel time spent in this place.
 D = Time resting spent in this place.
 E = Time spent auto-exploring this place.
 F = Levels seen in this place.
 G = Mean time per level.
                   A        B        C        D        E       F      G
               +--------+--------+--------+--------+--------+-----+--------+
         Total |   5470 |   5283 |    187 |     13 |   4319 |   8 |  683.8 |
       Dungeon |   5154 |   4967 |    187 |      9 |   4125 |   7 |  736.3 |
         Sewer |    316 |    316 |      0 |      4 |    194 |   1 |  316.0 |
               +--------+--------+--------+--------+--------+-----+--------+

Top non-repeatable levels by time:
     D:1: 1215 daAuts
     D:2: 1019 daAuts
     D:5: 869 daAuts
     D:4: 790 daAuts
     D:3: 530 daAuts
     D:6: 416 daAuts
   Sewer: 316 daAuts
     D:7: 313 daAuts
